 Dungeon Crawl Stone Soup version 0.27.0-1-g7a089689b8 (webtiles) character file.

Game seed: 5314020396329440672

1820 Spectrina the Comforter (level 8, -3/44 (45) HPs)
             Began as a Deep Elf Monk on Aug 2, 2021.
             Was a Follower of Elyvilon.
             Slain by a wight (15 damage)
             ... on level 7 of the Dungeon.
             The game lasted 00:53:17 (5243 turns).

Spectrina the Comforter (Deep Elf Monk)             Turns: 5243, Time: 00:53:18

HP:   -3/44 (45)    AC:  5    Str:  8    XL:     8   Next: 85%
MP:   19/19         EV: 13    Int: 20    God:    Elyvilon [*.....]
Gold: 83            SH:  4    Dex: 17    Spells: 16/19 levels left

rFire    . . .     SeeInvis .   a - +4 morningstar (freeze)
rCold    . . .     Faith    .   f - +0 buckler
rNeg     + . .     Spirit   .   y - +2 robe of the Slug {rPois}
rPois    +         Reflect  .   (helmet restricted)
rElec    .         Harm     .   (no cloak)
rCorr    .         Rampage  .   (no gloves)
Will     .....                  l - +0 pair of boots
Stlth    +++.......             i - amulet of magic regeneration
HPRegen  0.14/turn              g - ring of positive energy
MPRegen  0.41/turn              (no ring)

@: studying Short Blades, lightly drained
A: horns 1, clever 1
a: Renounce Religion, Lesser Healing, Divine Protection


You were on level 7 of the Dungeon.
You worshipped Elyvilon.
Elyvilon was aware of your devotion.
You visited 2 branches of the dungeon, and saw 9 of its levels.
You also visited: Sewer.

You collected 293 gold pieces.
You spent 210 gold pieces at shops.

Inventory:

Hand Weapons
 a - a +4 morningstar of freezing (weapon)
 b - a +0 dagger
 w - a +1 short sword
Missiles
 c - 96 stones (quivered)
 e - 115 arrows
 m - 30 sling bullets
 s - 51 bolts
Armour
 f - a +0 buckler (worn)
 l - a +0 pair of boots (worn)
 y - the +2 robe of the Slug (worn) {rPois}
   (You found it on level 8 of the Dungeon)

   rPois:     It protects you from poison.
Magical Staves
 A - a staff of cold
Jewellery
 g - a ring of positive energy (left hand)
 i - an amulet of magic regeneration (around neck)
Wands
 x - a wand of polymorph (8)
Scrolls
 d - 2 scrolls of enchant weapon
 k - a scroll of blinking {unknown}
 n - a scroll of fog
 q - a scroll of vulnerability {unknown}
 r - 2 scrolls of fear {unknown}
 t - 2 scrolls of holy word {unknown}
 C - a scroll of enchant armour {unknown}
Potions
 j - 2 potions of curing
 o - 3 potions of flight
 p - 3 potions of heal wounds
 v - a potion of lignification
 z - a potion of haste
 D - a potion of might
 E - a potion of invisibility


   Skills:
 - Level 2.4 Fighting
 - Level 3.0 Short Blades
 - Level 3.6 Dodging
 - Level 6.0 Stealth
 - Level 6.4 Spellcasting
 + Level 10.1 Invocations


You had 16 spell levels left.
You knew the following spells:

 Your Spells              Type           Power      Damage    Failure   Level
l - Vampiric Draining     Necr           3%         2d6       45%         3

Your spell library contained the following spells:

 Spells                   Type           Power      Damage    Failure   Level
 Animate Skeleton         Necr           12%        N/A       17%         1
 Pain                     Necr           24%        1d5       17%         1


Dungeon Overview and Level Annotations

Branches:
Dungeon (8/15)             Temple (1/1) D:5           Sewer (visited)
   Lair: D:8-11

Altars:
Elyvilon
Fedhas
Gozag
Kikubaaqudgha
Nemelex Xobeh
Okawaru
Trog
Vehumet
Yredelemnul
Zin
The Shining One

Shops:
D:1 [*   D:3 !   D:4 =

Annotations:
D:5 Pikel
D:6 1 runed translucent door, Crazy Yiuf


Innate Abilities, Weirdness & Mutations

You have a pair of small horns on your head.
Your mind is acute. (Int +2)


Message History

Press: ? - help, Q - select action, (/) - cycle Shift-Dir - straight line, f - orc
Aim: an orc, wielding a +0 whip (wandering, hasn't noticed you, 60% to hit)
You throw a poisoned dart.
The poisoned dart closely misses the orc.
The orc shouts!
Throw: boomerang
Press: ? - help, Q - select action, (/) - cycle Shift-Dir - straight line, f/p - orc
Aim: an orc, wielding a +0 whip (60% to hit)
You throw a boomerang. The boomerang hits the orc.
The orc is severely wounded.
Unknown command.
Throw: boomerang
Press: ? - help, Q - select action, (/) - cycle Shift-Dir - straight line, f/p - orc
Aim: an orc, wielding a +0 whip (severely wounded, 60% to hit)
You throw a boomerang. The boomerang barely misses the orc.
Unknown command.
The centaur skeleton hits you but does no damage.
You block the centaur skeleton's attack.
There is a stone staircase leading down, spattered with blood here.
You puncture the centaur skeleton!
The centaur skeleton is moderately damaged.
The centaur skeleton hits you but does no damage.
The centaur skeleton barely misses you.
The centaur skeleton closely misses you. x2
You sock the centaur skeleton!
The centaur skeleton is severely damaged.
The centaur skeleton hits you but does no damage.
The centaur skeleton kicks you.
The centaur skeleton closely misses you.
The centaur skeleton kicks you.
You puncture the centaur skeleton!
The centaur skeleton is almost destroyed.
You block the centaur skeleton's attack.
The centaur skeleton kicks you. The wight hits you with a +2 falchion!
* * * LOW HITPOINT WARNING * * *
You partially resist.
You feel drained.
* * * LOW HITPOINT WARNING * * *
You climb downwards.
The wight hits you with a +1 battleaxe!
You die...

########### ..........# ######
####### #.########.####.##.##
#......
#..............#....######......
#.########.##.###...........####
#.# #.###.#.#.######...# #.# #z#
##z##.# #...# #.# #.#
#@##.######...# #.########.#
#z##..........# #......z...#
#.#########..## #.########## #.#
#..# #.# #.# #..# #z#### #.#
#..# #....# #.# ##### #..#
####z# #.###...# #### #.#
#.....#.#


You could see 2 wights.

Vanquished Creatures
  A black bear (D:5)
  A sky beast (D:7)
  A necrophage (D:5)
  3 lemures
  A kobold brigand (Sewer)
  2 bullfrogs
  A water moccasin zombie (D:5)
  A wyvern skeleton (D:7)
  4 wights
  3 howler monkeys
  A centaur zombie (D:7)
  A jelly (D:5)
  An orc priest (D:7)
  7 hounds
  2 bullfrog skeletons
  A centaur skeleton (D:7)
  2 iguanas
  4 orc wizards
  A killer bee zombie (D:6)
  3 adders
  4 gnolls
  A howler monkey skeleton (D:7)
  A river rat (Sewer)
  A white imp (D:6)
  3 ufetubi
  A worm (D:4)
  A dart slug (D:3)
  25 orcs
  5 endoplasms
  A giant cockroach (D:6)
  5 goblins
  5 hobgoblins
  10 jackals
  3 quokkas
  3 ball pythons
  2 kobolds
  9 rats
121 creatures vanquished.

Vanquished Creatures (others)
  An orc warrior (D:7)
  A scorpion (D:7)
  A wight (D:6)
  An orc priest (D:8)
  2 orc wizards
  An orc (D:7)
  2 plants (D:5)
9 creatures vanquished.

Grand Total: 130 creatures vanquished

Notes
Turn   | Place    | Note
-------+----------+-------------------------------------------
     0 | D:1      | Spectrina the Deep Elf Monk began the quest for the Orb.
     0 | D:1      | Reached XP level 1. HP: 13/13 MP: 3/3
   169 | D:1      | Found Egix's Assorted Antiques.
   174 | D:1      | Found Sianlich's Armour Boutique.
   306 | D:2      | Reached XP level 2. HP: 11/18 MP: 4/4
   468 | D:4      | Reached XP level 3. HP: 3/22 MP: 5/5
   575 | D:5      | Entered Level 5 of the Dungeon
   689 | D:3      | Reached skill level 5 in Stealth
   759 | D:3      | Found a faded altar of an unknown god.
   784 | D:3      | Found Guprucia's Distillery.
   807 | D:3      | HP: 1/22 [quokka (3)]
   811 | D:3      | Bought a potion of curing for 30 gold pieces
   952 | D:5      | Reached skill level 1 in Spellcasting
   952 | D:5      | Reached XP level 4. HP: 12/27 MP: 5/8
  1046 | D:4      | Found Pusibod's Jewellery Shop.
  1171 | D:4      | Noticed an ogre
  1260 | D:5      | Noticed a black bear
  1293 | D:4      | Learned a level 3 spell: Vampiric Draining
  1346 | D:5      | Reached XP level 5. HP: 31/31 MP: 9/11
  1432 | D:5      | Noticed a black bear
  1441 | D:5      | Killed a black bear
  1442 | D:5      | Reached skill level 5 in Spellcasting
  1467 | D:5      | Found a staircase to the Ecumenical Temple.
  1480 | Temple   | Entered the Ecumenical Temple
  1530 | Temple   | Became a worshipper of Elyvilon the Healer
  1530 | Temple   | Reached * piety under Elyvilon
  1530 | Temple   | Reached ** piety under Elyvilon
  1617 | D:5      | Reached XP level 6. HP: 11/36 MP: 13/16
  1742 | D:6      | Found a glowing drain.
  1746 | Sewer    | Entered a sewer
  1774 | Sewer    | Gained mutation: You have a pair of small horns on your
                  | head. [potion of mutation]
  1774 | Sewer    | Gained mutation: Your mind is acute. (Int +2) [potion of
                  | mutation]
  2035 | Sewer    | Found a glowing silver altar of Zin.
  2150 | D:7      | Reached skill level 1 in Invocations
  2220 | D:7      | Reached skill level 2 in Invocations
  2297 | D:7      | Noticed a sky beast
  2350 | D:7      | Reached skill level 3 in Invocations
  2379 | D:7      | Reached XP level 7. HP: 11/40 MP: 18/18
  2675 | D:7      | Reached skill level 4 in Invocations
  2763 | D:7      | Reached skill level 5 in Invocations
  3018 | D:8      | Identified the +2 robe of the Slug {rPois}
  3060 | D:7      | Reached skill level 6 in Invocations
  3320 | D:5      | Reached skill level 7 in Invocations
  3320 | D:5      | Reached XP level 8. HP: 21/45 MP: 19/19
  3695 | D:5      | Reached skill level 8 in Invocations
  4374 | D:3      | Bought a potion of might for 40 gold pieces
  4374 | D:3      | Bought a potion of degeneration for 10 gold pieces
  4374 | D:3      | Bought a potion of invisibility for 80 gold pieces
  4374 | D:3      | Bought a potion of berserk rage for 50 gold pieces
  4542 | D:6      | Reached skill level 9 in Invocations
  4777 | D:6      | Found a runed translucent door.
  4778 | D:6      | Noticed Crazy Yiuf
  4815 | D:6      | Noticed Pikel
  4907 | D:6      | Reached skill level 10 in Invocations
  5243 | D:7      | Slain by a wight

Illustrated notes

Levels and vault maps discovered:
D:1:      sevenhm_arrival_forest_fort_large_4, layout_loops_corners,
          serial_shops, shop_fountains, nicolae_shop_crystal, shop,
          nicolae_square_shop, nicolae_lakefront_shop, minivault_25,
          minmay_misc_feat_enclosed, grunt_decor_mini_mirrors
D:2:      layout_basic, minmay_pentomino_v2, uniq_robin
D:3:      layout_loops_ring, serial_shops, nicolae_square_shop,
          shapermc_ecumenical_altar_pompeii
D:4:      layout_cave_pools, serial_shops, nicolae_lakefront_shop,
          serial_rivers, chequers_serial_rivers_room_a,
          chequers_serial_rivers_small_3, chequers_serial_rivers_micro_d,
          chequers_serial_rivers_small_3, corexii_checkpoint_b
D:5:      layout_basic, minmay_temple_entry_water_ring, serial_bayou_ford_a
D:6:      lemuel_castle_with_subvaults [lemuel_castle_interior_carwin_3],
          layout_rooms, gup_sewer_entry_bowl, minmay_manual_monolith,
          uniq_crazy_yiuf_cottage, uniq_pikel
D:7:      layout_loops_ring
D:8:      layout_basic, kennysheep_generic_room_14, uniq_erica
Temple:   minmay_crystal_snake_temple

Skill      XL: |  1  2  3  4  5  6  7  8 |
---------------+-------------------------+-----
Stealth        | 3 4 5 6 |  6.0
Spellcasting   | 1 3 5 6 |  6.4
Invocations    | 3 7 10 | 10.1
Fighting       | |  2.4
Short Blades   | |  3.0
Dodging        | |  3.6

Action                   |  1- 3 |  4- 6 |  7- 9 || total
-------------------------+-------+-------+-------++-------
Melee: Short sword       |    88 |   170 |    23 ||   281
       Headbutt          |       |    11 |    30 ||    41
       Unarmed           |       |     6 |       ||     6
       Morningstar       |       |       |   201 ||   201
       Dagger            |       |       |     3 ||     3
Throw: Stone             |    10 |    57 |       ||    67
       Dart              |       |     2 |     3 ||     5
       Boomerang         |       |       |    22 ||    22
Invok: Lesser Healing    |       |     5 |     5 ||    10
       Heal Other        |       |     2 |    15 ||    17
Evoke: Wand              |       |       |     4 ||     4
  Use: Potion            |     1 |     7 |     3 ||    11
       Scroll            |       |     1 |     2 ||     3
 Stab: Sleeping          |     9 |     9 |     8 ||    26
Armor: Robe              |     6 |    31 |    70 ||   107
       Skin              |       |     7 |       ||     7
Dodge: Dodged            |    43 |   115 |   170 ||   328
Block: Buckler           |     6 |    41 |    46 ||    93
